[Event "Titled Tuesday Blitz March 14 Late 2023"]
[White "Salgado Lopez, Ivan"]
[Black "Guo, Josh"]
[WhiteFideId "2257327"]
[BlackFideId "2682427"]
[WhiteElo "2571"]
[BlackElo "2326"]
[Result "1-0"]
[Round "03"]
[TimeControl "180+1"]
[Date "2023.03.14"]
[WhiteClock "0:01:38"]
[BlackClock "0:00:08"]

1. e4 c5 2. Nf3 d6 3. Bb5+ Bd7 4. Bxd7+ Qxd7 5. O-O Nf6 6. Re1 Nc6 7. c3 e6 8. d4 cxd4 9. cxd4 d5 10. e5 Ne4 11. a3 Be7 12. Nbd2 Nxd2 13. Bxd2 O-O 14. Rc1 Rac8 15. Rc3 f6 16. exf6 Bxf6 17. Bf4 Rfe8 18. Rce3 Na5 19. h4 Nc4 20. R3e2 b5 21. h5 h6 22. Qd3 a6 23. g3 Qf7 24. Qg6 Rc6 25. Qg4 a5 26. Kg2 a4 27. Bxh6 Kh7 28. Bf4 Kg8 29. h6 g6 30. Bg5 Kh7 31. Bxf6 Qxf6 32. Ng5+ Kxh6 33. Nxe6 Kh7 34. Ng5+ Kg8 1-0


[Site "https://www.chess.com"]

[Event "Titled Tuesday Blitz March 14 Late 2023"]
[White "Sanal, Vahap"]
[Black "Duda, Jan-Krzysztof"]
[WhiteFideId "6300545"]
[BlackFideId "1170546"]
[WhiteElo "2606"]
[BlackElo "2790"]
[Result "0-1"]
[Round "03"]
[TimeControl "180+1"]
[Date "2023.03.14"]
[WhiteClock "0:00:01"]
[BlackClock "0:00:02"]

1. e4 c5 2. Nf3 Nc6 3. Bb5 g6 4. Bxc6 dxc6 5. O-O Bg7 6. d3 Qc7 7. a4 a5 8. Nc3 Nh6 9. h3 f6 10. Be3 b6 11. d4 cxd4 12. Qxd4 Rb8 13. Qc4 Rb7 14. Bxh6 Bxh6 15. e5 Kf8 16. Rfe1 Kg7 17. Nd4 Bd2 18. Re2 Bxc3 19. Qxc3 c5 20. exf6+ exf6 21. Ne6+ Bxe6 22. Rxe6 Rf8 23. Rd1 Qf4 24. b3 h5 25. g3 Qf5 26. Rdd6 Rff7 27. h4 b5 28. axb5 Rxb5 29. Re8 Rd7 30. Qc4 Rbb7 31. Qg8+ Kh6 32. Qf8+ Rg7 33. Rxf6 Qxc2 34. Ree6 Kh7 35. Kg2 Qxb3 36. Qd6 Rbd7 37. Qxc5 Qd5+ 38. Qxd5 Rxd5 39. Rf8 Ra7 40. Rff6 a4 41. Rxg6 Rdd7 42. Rh6+ Kg8 43. Reg6+ Rg7 44. Rd6 a3 45. Rd1 a2 46. Ra1 Rgb7 47. Rxh5 Rb1 48. Rg5+ Kh7 49. Rxa2 Rxa2 50. Rh5+ Kg6 51. Rg5+ Kf6 52. Rg4 Rbb2 53. Rf4+ Kg6 54. Rf3 Rb4 55. Rf8 Rab2 56. Rf3 R4b3 57. Rf8 Rc2 58. Rg8+ Kf7 59. Rg4 Rb6 60. Rf4+ Rf6 61. Rxf6+ Kxf6 62. g4 Ke5 63. Kg3 Rc3+ 64. f3 Rc1 65. h5 Rb1 66. g5 Rg1+ 0-1


[Site "https://www.chess.com"]

[Event "Titled Tuesday Blitz March 14 Late 2023"]
[White "Shubin, Kirill"]
[Black "Matinian, Nikita"]
[WhiteFideId "34119962"]
[BlackFideId "24129100"]
[WhiteElo "2407"]
[BlackElo "2422"]
[Result "1-0"]
[Round "03"]
[TimeControl "180+1"]
[Date "2023.03.14"]
[WhiteClock "0:01:33"]
[BlackClock "0:00:30"]

1. e4 c5 2. Nf3 e6 3. g3 Nc6 4. Bg2 h5 5. h4 Nf6 6. Qe2 b6 7. O-O Bb7 8. Rd1 Ng4 9. c3 d5 10. d3 Be7 11. Nbd2 Qc7 12. Nf1 O-O-O 13. Ne3 g6 14. Nxg4 hxg4 15. Ng5 Ne5 16. Bf4 Bd6 17. exd5 Nf3+ 18. Nxf3 Bxf4 19. Ne1 Bxg3 20. fxg3 Qxg3 21. Qf2 Qc7 22. dxe6 g3 23. Qxf7 1-0


[Site "https://www.chess.com"]

[Event "Titled Tuesday Blitz March 14 Late 2023"]
[White "Simonovic, Miroslav"]
[Black "Senft, Sean"]
[WhiteFideId "919152"]
[BlackFideId "2044960"]
[WhiteElo "2042"]
[BlackElo "1989"]
[Result "0-1"]
[Round "03"]
[TimeControl "180+1"]
[Date "2023.03.14"]
[WhiteClock "0:00:18"]
[BlackClock "0:00:15"]

1. d4 d5 2. Bg5 c6 3. e3 Qb6 4. Nd2 e6 5. Nb3 Nd7 6. Nf3 Ngf6 7. Bd3 c5 8. dxc5 Nxc5 9. Nxc5 Bxc5 10. Bxf6 gxf6 11. O-O Rg8 12. Bxh7 Rg7 13. Bd3 e5 14. a4 Bh3 15. Bb5+ Ke7 16. Ne1 Rag8 17. Qxd5 a6 18. Be2 Qc6 19. Qxc6 bxc6 20. Bxa6 e4 21. g3 Rh7 22. Ng2 Rgh8 23. Nf4 Bxf1 24. Kxf1 Rxh2 25. Ke2 Bd6 26. c3 Bxf4 27. exf4 Rg2 28. Ke3 f5 29. b4 Rhh2 30. Rf1 Kd6 31. Bc4 f6 32. a5 Rh7 33. a6 Ra7 34. b5 cxb5 35. Bxb5 Kc5 36. c4 Rh2 37. Rd1 Rh8 38. Rd5+ Kb4 39. Rxf5 Rd8 40. Rxf6 Re7 41. Rc6 Rd3+ 42. Ke2 Ra3 43. Rg6 Ra2+ 44. Kf1 e3 45. fxe3 Rxe3 46. Rd6 Rc3 47. Rd1 Rxg3 48. c5 Kxc5 49. Be2 Re3 50. Re1 Rh3 51. Kf2 Rh2+ 52. Kf3 Ra3+ 53. Kg4 Re3 54. f5 Rhxe2 55. Rxe2 Rxe2 56. f6 Kd6 57. a7 Ra2 58. Kg5 Kd7 59. Kg6 Ke8 60. f7+ Kf8 61. a8=Q+ Rxa8 62. Kf6 Ra7 63. Ke6 Rxf7 64. Kd6 Re7 65. Kd5 Ke8 66. Kd6 Rd7+ 67. Kc6 Ke7 68. Kc5 Ke6 69. Kc4 Rd5 70. Kc3 Ke5 71. Kc4 Ke4 72. Kc3 Rd4 0-1


[Site "https://www.chess.com"]

[Event "Titled Tuesday Blitz March 14 Late 2023"]
[White "Sjugirov, Sanan"]
[Black "Fernandez Garcia, Gumersindo"]
[WhiteFideId "4189302"]
[BlackFideId "24516740"]
[WhiteElo "2569"]
[BlackElo "2093"]
[Result "1-0"]
[Round "03"]
[TimeControl "180+1"]
[Date "2023.03.14"]
[WhiteClock "0:01:14"]
[BlackClock "0:00:07"]

1. d4 Nf6 2. c4 g6 3. Nc3 Bg7 4. e4 d6 5. Nf3 O-O 6. Be2 Nbd7 7. O-O e5 8. Be3 Re8 9. d5 Nh5 10. Re1 Bf8 11. b4 a5 12. bxa5 Rxa5 13. a4 Ng7 14. Nd2 f5 15. f3 Be7 16. Nb3 Ra8 17. a5 Bg5 18. Bf2 Bh4 19. g3 Be7 20. c5 Nxc5 21. Nxc5 dxc5 22. Qc2 Bd6 23. Nb5 Qe7 24. Rec1 b6 25. axb6 Rxa1 26. Rxa1 cxb6 27. Ra7 Qf8 28. Qa4 fxe4 29. Nxd6 Qxd6 30. Rxg7+ Kxg7 31. Qxe8 Bd7 32. Qd8 Qxd5 33. fxe4 Qd2 34. Bf1 Qd1 35. Qe7+ Kg8 36. Qd8+ Kf7 37. Be3 c4 38. Bxb6 c3 39. Bc5 1-0


[Site "https://www.chess.com"]

[Event "Titled Tuesday Blitz March 14 Late 2023"]
[White "Skytte, Rasmus"]
[Black "Gorodetzky, David"]
[WhiteFideId "1404210"]
[BlackFideId "2813416"]
[WhiteElo "2418"]
[BlackElo "2484"]
[Result "1/2-1/2"]
[Round "03"]
[TimeControl "180+1"]
[Date "2023.03.14"]
[WhiteClock "0:00:20"]
[BlackClock "0:00:42"]

1. e4 e6 2. d4 d5 3. e5 c5 4. c3 Nc6 5. Nf3 Qb6 6. Bd3 cxd4 7. cxd4 Bd7 8. O-O Nxd4 9. Ng5 g6 10. Nc3 Bg7 11. Be3 Qxb2 12. Bxd4 Qb4 13. Bc2 Rc8 14. Rb1 Qa5 15. Rxb7 Rxc3 16. Bxc3 Qxc3 17. Ba4 Bc6 18. Nxf7 Kf8 19. Bxc6 Qxc6 20. Rxa7 Ne7 21. Nxh8 Bxh8 22. Qb3 Bxe5 23. Re1 Bd4 24. Rb7 e5 25. g3 Qf6 26. Re2 e4 27. Qb4 Be5 28. Rc2 Bd6 29. Qd2 d4 30. Qh6+ Kg8 31. Rc4 e3 32. fxe3 d3 33. Rd4 Qf3 34. Rxd6 Qd1+ 35. Kg2 Qe2+ 36. Kg1 Qe1+ 37. Kg2 Qe2+ 38. Kg1 Qe1+ 39. Kg2 Qe2+ 1/2-1/2


[Site "https://www.chess.com"]

[Event "Titled Tuesday Blitz March 14 Late 2023"]
[White "Sokolovsky, Yahli"]
[Black "Koutlas, Nikolaos"]
[WhiteFideId "2820242"]
[BlackFideId "25827138"]
[WhiteElo "2316"]
[BlackElo "2215"]
[Result "0-1"]
[Round "03"]
[TimeControl "180+1"]
[Date "2023.03.14"]
[WhiteClock "0:00:01"]
[BlackClock "0:00:06"]

1. b3 c5 2. Bb2 Nc6 3. e3 e5 4. Bb5 Nge7 5. Nf3 d6 6. d4 Qa5+ 7. Nc3 cxd4 8. exd4 Nd5 9. Qd2 Nxc3 10. Bxc6+ bxc6 11. Bxc3 Qd5 12. dxe5 Qxd2+ 13. Kxd2 dxe5 14. Nxe5 Be6 15. Nxc6 Kd7 16. Nd4 Bd5 17. f3 Bc5 18. Nf5 Kc6 19. Bxg7 Rhg8 20. g3 Rad8 21. Kc3 Rxg7 22. Nxg7 Bxf3 23. Nf5 Be4 24. Raf1 Rd5 25. g4 Bxh1 26. Rxh1 a5 27. Rf1 Re5 28. Rf3 Kd5 29. Rh3 a4 30. bxa4 Re4 31. Rxh7 Rxg4 32. Rxf7 Rxa4 33. h4 Rxa2 0-1


[Site "https://www.chess.com"]

[Event "Titled Tuesday Blitz March 14 Late 2023"]
[White "Sreyas Payyappat"]
[Black "Cuenca Jimenez, Jose Fernando"]
[WhiteFideId "46674969"]
[BlackFideId "2255570"]
[WhiteElo "2083"]
[BlackElo "2429"]
[Result "1-0"]
[Round "03"]
[TimeControl "180+1"]
[Date "2023.03.14"]
[WhiteClock "0:00:50"]
[BlackClock "0:00:02"]

1. e4 d6 2. d4 Nf6 3. Nc3 e5 4. dxe5 dxe5 5. Qxd8+ Kxd8 6. Bg5 Be6 7. O-O-O+ Nd7 8. f4 exf4 9. e5 h6 10. Bxf4 Ng4 11. Rd2 Bc5 12. Ne4 Be3 13. Bxe3 Nxe3 14. Nf3 Ke7 15. Bb5 c6 16. Ba4 Nc4 17. Re2 Rad8 18. Rhe1 Bf5 19. Bb3 Ndb6 20. Nc5 Bc8 21. e6 Bxe6 22. Nxe6 fxe6 23. Rxe6+ Kf7 24. R6e4 Rhe8 25. Bxc4+ Nxc4 26. Rxc4 Rxe1+ 27. Nxe1 Rd5 28. Nf3 g5 29. Rd4 1-0


[Site "https://www.chess.com"]

[Event "Titled Tuesday Blitz March 14 Late 2023"]
[White "Steinberg, Nitzan"]
[Black "Rostomyan, Mikayel"]
[WhiteFideId "2801795"]
[BlackFideId "13313754"]
[WhiteElo "2486"]
[BlackElo "2009"]
[Result "1-0"]
[Round "03"]
[TimeControl "180+1"]
[Date "2023.03.14"]
[WhiteClock "0:00:59"]
[BlackClock "0:00:13"]

1. Nf3 d5 2. g3 g6 3. Bg2 Bg7 4. d4 Nf6 5. O-O O-O 6. c4 c6 7. cxd5 cxd5 8. Nc3 Nc6 9. Ne5 Bf5 10. Nxc6 bxc6 11. Na4 Nd7 12. b3 e5 13. Bb2 e4 14. Rc1 Rc8 15. e3 Re8 16. Qe2 h5 17. Rc2 Nb6 18. Nc5 h4 19. Rfc1 Qg5 20. Nb7 Bg4 21. Qf1 hxg3 22. hxg3 Qf6 23. Na5 Bd7 24. Bh3 Re6 25. Bg4 Qe7 26. Nb7 f5 27. Bh3 Be8 28. Nc5 Rf6 29. Ba3 Qf7 30. g4 fxg4 31. Bxg4 Rc7 32. Qh3 Nd7 33. Ne6 Rc8 34. Ng5 1-0


[Site "https://www.chess.com"]

[Event "Titled Tuesday Blitz March 14 Late 2023"]
[White "Stelmaszyk, Nico"]
[Black "Manukian, Artak"]
[WhiteFideId "16200462"]
[BlackFideId "13301373"]
[WhiteElo "2255"]
[BlackElo "2130"]
[Result "1-0"]
[Round "03"]
[TimeControl "180+1"]
[Date "2023.03.14"]
[WhiteClock "0:01:05"]
[BlackClock "0:00:03"]

1. e4 c6 2. d4 d5 3. exd5 cxd5 4. c4 Nf6 5. Nc3 g6 6. cxd5 Bg7 7. Bc4 O-O 8. Nge2 Nbd7 9. Nf4 Nb6 10. Bb3 Bf5 11. O-O Ne4 12. Re1 Nxc3 13. bxc3 Rc8 14. Qf3 h5 15. h3 Qd7 16. Ba3 Bf6 17. Re3 Nc4 18. Bxc4 Rxc4 19. Rae1 Re8 20. Qe2 b5 21. Bxe7 Bxe7 22. Rxe7 Rxe7 23. Qxe7 Qxe7 24. Rxe7 Rxc3 25. Rxa7 Rc1+ 26. Kh2 Rd1 27. Ne2 Rd2 28. Ng3 Bb1 29. d6 Rxd4 30. d7 Kg7 31. a3 Bd3 32. f3 Kf6 33. Ne4+ Bxe4 34. fxe4 Ke6 35. Rb7 Rxd7 36. Rxb5 Rd4 37. Rb4 Rd3 38. a4 Ra3 39. Kg1 Ra2 40. Kh2 h4 41. e5 Kxe5 42. Rxh4 f5 43. Rb4 g5 44. Rb5+ Ke4 45. a5 Kf4 46. Rc5 g4 47. Rc4+ Kg5 48. hxg4 fxg4 49. Rc5+ Kf4 50. Rb5 Ra3 51. Rb4+ Kf5 52. Rb5+ Kf4 53. g3+ Kf3 54. Rf5+ Ke3 55. Rg5 Kf3 56. Rf5+ Ke3 57. Rf4 Rxa5 58. Rxg4 Rh5+ 59. Kg2 Rh8 60. Ra4 Rf8 61. Kh3 Rh8+ 62. Rh4 Rg8 63. Rh5 Kf3 64. Rf5+ Ke4 65. Ra5 Rh8+ 66. Kg4 Rg8+ 67. Rg5 Rf8 68. Rg6 Ke5 69. Ra6 Rg8+ 70. Kh4 Rh8+ 71. Kg5 Rg8+ 72. Rg6 Rf8 73. g4 Rf1 74. Ra6 Rg1 75. Kh5 Rh1+ 76. Kg6 Rg1 77. g5 Rg2 78. Kh6 Rh2+ 79. Kg7 Rg2 80. g6 Kf5 81. Ra5+ Ke6 82. Ra6+ Ke7 83. Kh7 Rh2+ 84. Kg8 Rg2 85. g7 Rg1 86. Ra4 Kf6 87. Rf4+ Ke6 88. Kf8 1-0


[Site "https://www.chess.com"]

[Event "Titled Tuesday Blitz March 14 Late 2023"]
[White "Szente Varga, Fruzsina"]
[Black "Tarnowska, Aleksandra"]
[WhiteFideId "712264"]
[BlackFideId "1180967"]
[WhiteElo "1994"]
[BlackElo "1776"]
[Result "1-0"]
[Round "03"]
[TimeControl "180+1"]
[Date "2023.03.14"]
[WhiteClock "0:02:03"]
[BlackClock "0:00:01"]

1. e4 c5 2. Nf3 e6 3. b3 Nc6 4. Bb2 d5 5. exd5 exd5 6. Bb5 Nf6 7. Qe2+ Qe7 8. Bxf6 gxf6 9. Nc3 Qxe2+ 10. Kxe2 Be6 11. Rhe1 a6 12. Bxc6+ bxc6 13. d4 O-O-O 14. Na4 cxd4 15. Nxd4 Kc7 16. Kf1 Re8 17. Rac1 Ba3 18. Rcd1 h5 19. c3 Bd6 20. b4 h4 21. h3 Rhg8 22. a3 Rg6 23. f3 Bg3 24. Re2 f5 25. Nc5 Bd7 26. Nxa6+ Kc8 27. Nc5 Rxe2 28. Nxe2 f4 29. a4 Bf5 30. a5 Bc2 31. Rd2 Bf5 32. Nd4 Be6 33. Nxc6 Rg8 34. Ne7+ Kc7 35. Nxg8 1-0


[Site "https://www.chess.com"]

[Event "Titled Tuesday Blitz March 14 Late 2023"]
[White "Taboas Rodriguez, Daniel"]
[Black "Lorenzo De La Riva, Lazaro"]
[WhiteFideId "2208466"]
[BlackFideId "2268809"]
[WhiteElo "2365"]
[BlackElo "2294"]
[Result "0-1"]
[Round "03"]
[TimeControl "180+1"]
[Date "2023.03.14"]
[WhiteClock "0:00:03"]
[BlackClock "0:00:15"]

1. d4 Nf6 2. Nf3 d6 3. c4 g6 4. Nc3 Bg7 5. e4 O-O 6. Be2 e5 7. dxe5 dxe5 8. Qxd8 Rxd8 9. Bg5 Re8 10. Nd5 Nxd5 11. cxd5 c6 12. Bc4 b5 13. Bb3 a5 14. a4 Bd7 15. d6 bxa4 16. Rxa4 Na6 17. Rxa5 Nb4 18. Rxa8 Rxa8 19. O-O Nd3 20. Be7 Nc5 21. Bc2 Ra2 22. Rb1 f6 23. Nd2 Be6 24. f3 Bh6 25. Nf1 Kf7 26. h4 Bf8 27. Bxf8 Kxf8 28. Ne3 Ke8 29. b4 Nb7 30. Rd1 Kd7 31. Bd3 Ra3 32. Nc4 Bxc4 33. Bxc4 Nxd6 34. Bg8 h6 35. Bh7 g5 36. Bf5+ Kc7 37. h5 Ra4 38. Rb1 Nb5 39. Kh2 Nd4 40. Kg3 Kb6 41. Kg4 Kb5 42. Bd7 Rxb4 43. Rxb4+ Kxb4 44. Bxc6 Kc3 45. Bd5 Kd2 46. Bc4 Ke3 47. Ba6 Kf2 48. Kh3 Ke3 49. Kg4 Kf2 50. Kh3 Nc2 0-1


[Site "https://www.chess.com"]

[Event "Titled Tuesday Blitz March 14 Late 2023"]
[White "Tanenbaum, Zachary"]
[Black "Svane, Frederik"]
[WhiteFideId "2060850"]
[BlackFideId "12923044"]
[WhiteElo "2175"]
[BlackElo "2502"]
[Result "1/2-1/2"]
[Round "03"]
[TimeControl "180+1"]
[Date "2023.03.14"]
[WhiteClock "0:00:04"]
[BlackClock "0:00:18"]

1. e4 c5 2. Nf3 e6 3. d4 cxd4 4. Nxd4 Nc6 5. Nc3 Qc7 6. g3 Nf6 7. Ndb5 Qb8 8. Bf4 e5 9. Bg5 a6 10. Na3 Bb4 11. Bxf6 gxf6 12. Nc4 b5 13. Ne3 Ne7 14. Qf3 Qc7 15. Ng4 Bxc3+ 16. bxc3 Ng8 17. Bg2 d5 18. O-O Bxg4 19. Qxg4 Ne7 20. exd5 Qd6 21. a4 bxa4 22. Qxa4+ Kf8 23. Qb4 Rd8 24. Qxd6 Rxd6 25. c4 Kg7 26. c5 Rxd5 27. Bxd5 Nxd5 28. Rxa6 Rc8 29. Ra5 Nc3 30. Re1 Kg6 31. Re3 Nd5 32. Rd3 Nb4 33. Rd6 Nxc2 34. c6 Nd4 35. Rc5 Rc7 36. Rxe5 Rxc6 37. Rxc6 Nxc6 38. Re4 h5 39. f4 Nd8 40. Kf2 Ne6 41. Kf3 f5 42. Re5 Kf6 43. Ra5 Nd4+ 44. Ke3 Ne6 45. Ra6 Kg6 46. Ra8 Kg7 47. h3 Kh7 48. Ra7 Kg7 49. Ra5 Kf6 50. Rd5 Ng7 51. Kd4 Ne6+ 52. Kc4 h4 53. g4 fxg4 54. hxg4 h3 55. Rh5 h2 56. Rxh2 Nxf4 57. Kd4 Kg5 58. Rh7 Ne6+ 59. Ke5 Kxg4 60. Rxf7 Ng5 61. Rg7 Kh4 62. Kf5 Nh3 63. Rg8 Nf2 64. Kf4 Nh3+ 65. Kf3 Ng5+ 66. Kf4 Nh3+ 67. Ke4 Ng5+ 68. Kf5 Nh3 69. Rg4+ Kh5 70. Rg2 Kh4 71. Ra2 Kg3 72. Ra3+ Kh4 73. Rb3 Nf2 74. Ra3 Nh3 75. Rf3 Ng5 76. Rf4+ Kh5 77. Rf1 Kh4 78. Rg1 Nh3 79. Rg4+ Kh5 80. Rg8 Kh4 81. Rg7 Nf2 82. Rg2 Nh3 83. Rg4+ 1/2-1/2


[Site "https://www.chess.com"]

[Event "Titled Tuesday Blitz March 14 Late 2023"]
[White "Trakru, Rohun"]
[Black "Fajdetic, Hrvoje"]
[WhiteFideId "2097613"]
[BlackFideId "14501945"]
[WhiteElo "1852"]
[BlackElo "2185"]
[Result "1/2-1/2"]
[Round "03"]
[TimeControl "180+1"]
[Date "2023.03.14"]
[WhiteClock "0:00:14"]
[BlackClock "0:00:13"]

1. e4 c5 2. Nc3 Nc6 3. Bb5 Nd4 4. Nf3 Nxb5 5. Nxb5 a6 6. Nc3 b5 7. d4 cxd4 8. Qxd4 Bb7 9. Bg5 Qc7 10. O-O e6 11. Rad1 f6 12. Bf4 e5 13. Nd5 Qd6 14. Nxe5 Bxd5 15. Ng6 Qc5 16. Nxh8 Qxd4 17. Rxd4 Bc4 18. Rfd1 Be6 19. Bd6 Bxd6 20. Rxd6 Ne7 21. f4 g6 22. Kf2 Kf8 23. Rxd7 Bxd7 24. Rxd7 Re8 25. Ra7 Kg7 26. Rxa6 Rxh8 27. Rb6 Rc8 28. c3 Rc5 29. Rb7 Kf8 30. Ke3 g5 31. Kd4 Rc4+ 32. Kd3 Rc5 33. Kd4 Rc4+ 34. Kd3 Rc5 35. b4 Rc6 36. fxg5 fxg5 37. Rxb5 Ra6 38. Rxg5 Rxa2 39. c4 h6 40. Rg4 Nc6 41. Kc3 Ra3+ 42. Kb2 Re3 43. b5 Ne5 44. Rf4+ Ke7 45. Rf5 Nxc4+ 46. Kc2 Nd6 47. Rh5 Rxe4 48. Rxh6 Nxb5 49. Kd3 Re6 50. Rxe6+ Kxe6 51. Ke4 Kf6 52. Kf4 Nd6 53. g4 Kg6 54. h4 Nf7 55. Kg3 Nh6 56. Kf4 Nxg4 57. Kxg4 Kh6 58. h5 Kh7 59. Kh4 Kh8 60. Kg5 Kh7 61. h6 Kh8 62. Kh5 Kg8 63. Kg6 Kh8 64. Kf7 Kh7 65. Kf6 Kxh6 1/2-1/2


[Site "https://www.chess.com"]

[Event "Titled Tuesday Blitz March 14 Late 2023"]
[White "Tsyhanchuk, Stanislav"]
[Black "Urbina Perez, Juan Antonio"]
[WhiteFideId "13505130"]
[BlackFideId "2217368"]
[WhiteElo "2173"]
[BlackElo "2197"]
[Result "0-1"]
[Round "03"]
[TimeControl "180+1"]
[Date "2023.03.14"]
[WhiteClock "0:00:08"]
[BlackClock "0:01:19"]

1. c4 c6 2. Nc3 d5 3. e3 Nf6 4. Nf3 e6 5. b3 Nbd7 6. Bb2 Bd6 7. d4 O-O 8. Bd3 Qe7 9. O-O b6 10. Qc2 Bb7 11. e4 dxe4 12. Nxe4 Nxe4 13. Bxe4 Nf6 14. Bd3 c5 15. Ne5 cxd4 16. Bxd4 h6 17. Rae1 Rfd8 18. Bb2 Rac8 19. f4 Ba3 20. Bxa3 Qxa3 21. f5 Re8 22. Kh1 exf5 23. Rxf5 Qd6 24. Bf1 Re6 25. Nd3 Rxe1 26. Nxe1 Be4 27. Rxf6 Qxf6 28. Qxe4 Qxf1# 0-1


[Site "https://www.chess.com"]

[Event "Titled Tuesday Blitz March 14 Late 2023"]
[White "Tymrakiewicz, Rafal"]
[Black "Urazayev, Arystanbek"]
[WhiteFideId "1108832"]
[BlackFideId "13709810"]
[WhiteElo "2151"]
[BlackElo "2479"]
[Result "1-0"]
[Round "03"]
[TimeControl "180+1"]
[Date "2023.03.14"]
[WhiteClock "0:00:36"]
[BlackClock "0:01:31"]

1. e4 c5 2. d4 cxd4 3. c3 d5 4. exd5 Qxd5 5. cxd4 Nc6 6. Nf3 Bf5 7. Nc3 Qa5 8. d5 Rd8 9. Bd2 Nb4 10. Bb5+ Bd7 11. Bxd7+ Rxd7 12. O-O Nf6 13. Ne5 Rd8 14. Qb3 Nbxd5 15. Nb5 Qb6 16. Be3 Qa5 17. Bd2 Qxd2 18. Nc7+ Nxc7 19. Qxf7# 1-0


[Site "https://www.chess.com"]

[Event "Titled Tuesday Blitz March 14 Late 2023"]
[White "Vachier-Lagrave, Maxime"]
[Black "Adewumi, Tanitoluwa"]
[WhiteFideId "623539"]
[BlackFideId "30966396"]
[WhiteElo "2740"]
[BlackElo "2806"]
[Result "1/2-1/2"]
[Round "03"]
[TimeControl "180+1"]
[Date "2023.03.14"]
[WhiteClock "0:00:24"]
[BlackClock "0:00:08"]

1. d4 Nf6 2. c4 e6 3. Nc3 Bb4 4. e3 c6 5. Ne2 O-O 6. a3 Ba5 7. c5 d5 8. cxd6 Qxd6 9. Bd2 e5 10. Qa4 Bb6 11. dxe5 Qxe5 12. Nf4 Bf5 13. Be2 Nbd7 14. O-O Nc5 15. Qc4 Rad8 16. Rad1 Bc2 17. Bc1 Bxd1 18. Bxd1 Nce4 19. Nxe4 Qxe4 20. Qe2 Rfe8 21. Nh3 h6 22. Bc2 Qe5 23. b4 Bc7 24. g3 Qe6 25. Kg2 Ne4 26. Nf4 Bxf4 27. gxf4 Nc3 28. Qf3 Qa2 29. Bf5 g6 30. Bg4 Qd5 31. f5 Re4 32. Bh3 g5 33. Kg1 Rh4 34. Bg2 Qxf3 35. Bxf3 Rd6 36. Bb2 Ne4 37. Be5 Rd5 38. Bg3 Rxf5 39. Bxh4 Rxf3 40. Bg3 Nxg3 41. hxg3 Rf5 42. e4 Rf3 43. Ra1 Kg7 44. a4 Kf6 45. b5 c5 46. Rd1 Ra3 47. Rd7 Rxa4 48. Rxb7 Rxe4 49. Rxa7 Rb4 50. Rb7 Kg6 51. b6 c4 52. Rc7 Rxb6 53. Rxc4 f5 54. Kg2 Kh5 55. Rc5 Rf6 56. Kh3 Kg6 57. f3 Ra6 58. Rb5 h5 59. f4 gxf4 60. gxf4 Ra4 61. Rb6+ Kf7 62. Kg3 1/2-1/2


[Site "https://www.chess.com"]

[Event "Titled Tuesday Blitz March 14 Late 2023"]
[White "Van Foreest, Jorden"]
[Black "Skvortsov, Andrei"]
[WhiteFideId "1039784"]
[BlackFideId "24108600"]
[WhiteElo "2633"]
[BlackElo "2259"]
[Result "0-1"]
[Round "03"]
[TimeControl "180+1"]
[Date "2023.03.14"]
[WhiteClock "0:00:31"]
[BlackClock "0:00:43"]

1. e4 d5 2. exd5 Qxd5 3. Nc3 Qe5+ 4. Be2 Bg4 5. d4 Bxe2 6. Ngxe2 Qa5 7. b4 Qh5 8. O-O e6 9. Qd3 Bxb4 10. Rb1 Nc6 11. d5 O-O-O 12. Nf4 Qe5 13. dxc6 Rxd3 14. cxb7+ Kb8 15. Nxd3 Qxc3 16. Nxb4 Qc4 17. Rd1 Ne7 18. Rd4 Qb5 19. c4 Qa4 20. Bf4 Nc6 21. Rd7 e5 22. Bd2 Nxb4 23. Rxf7 Qxa2 24. Rd1 Qc2 0-1


[Site "https://www.chess.com"]

[Event "Titled Tuesday Blitz March 14 Late 2023"]
[White "Vargas Pereda, Jesus Manue"]
[Black "Barash, Anton"]
[WhiteFideId "5115710"]
[BlackFideId "30935229"]
[WhiteElo "1914"]
[BlackElo "2339"]
[Result "0-1"]
[Round "03"]
[TimeControl "180+1"]
[Date "2023.03.14"]
[WhiteClock "0:01:44"]
[BlackClock "0:02:12"]

1. d4 Nf6 2. Bf4 g6 3. Nc3 Bg7 4. e4 d6 5. Qd2 O-O 6. O-O-O c6 7. Bh6 Qa5 8. h4 b5 9. f3 b4 10. Nce2 Qxa2 11. h5 Qa1# 0-1


[Site "https://www.chess.com"]

[Event "Titled Tuesday Blitz March 14 Late 2023"]
[White "Wadsworth, Matthew J"]
[Black "Yeletsky, Ivan"]
[WhiteFideId "415804"]
[BlackFideId "24180327"]
[WhiteElo "2330"]
[BlackElo "2414"]
[Result "0-1"]
[Round "03"]
[TimeControl "180+1"]
[Date "2023.03.14"]
[WhiteClock "0:00:10"]
[BlackClock "0:00:50"]

1. g3 e5 2. Bg2 d5 3. c4 dxc4 4. Na3 Bxa3 5. Qa4+ Nc6 6. Qxa3 Nge7 7. Nf3 O-O 8. O-O e4 9. Ng5 Nd4 10. Nxe4 Nc2 11. Qc3 Nxa1 12. b3 cxb3 13. Bb2 f6 14. axb3 Nd5 15. Qc4 Be6 16. Rxa1 Nf4 17. Qb5 Nxg2 18. Kxg2 Qd5 19. Qxd5 Bxd5 20. f3 Bxb3 21. Nc5 Bd5 22. e4 Bc6 23. d4 b6 24. Ne6 Rfc8 25. Rc1 Bd7 26. Nxc7 Rab8 27. d5 a5 28. f4 Rb7 29. d6 b5 30. e5 Kf7 31. Rc5 Rcb8 32. Kf3 a4 33. Ke4 b4 34. Kd5 a3 35. Bd4 b3 36. e6+ Bxe6+ 37. Nxe6 b2 38. Rc7+ Rxc7 39. dxc7 Rc8 0-1


[Site "https://www.chess.com"]

[Event "Titled Tuesday Blitz March 14 Late 2023"]
[White "Wang, Alexander J"]
[Black "Pino Perez, Lazaro"]
[WhiteFideId "30955270"]
[BlackFideId "3517055"]
[WhiteElo "2208"]
[BlackElo "2170"]
[Result "1-0"]
[Round "03"]
[TimeControl "180+1"]
[Date "2023.03.14"]
[WhiteClock "0:00:04"]
[BlackClock "0:00:09"]

1. e4 c5 2. Nf3 g6 3. d4 cxd4 4. Nxd4 Nc6 5. Nc3 Bg7 6. Be3 Nf6 7. Bc4 O-O 8. Bb3 Re8 9. f3 e6 10. Qd2 d5 11. exd5 Nxd5 12. Nxd5 exd5 13. O-O-O a5 14. a4 Qh4 15. g3 Qf6 16. c3 Bh3 17. Kb1 Nxd4 18. Bxd4 Qxf3 19. Bxg7 Kxg7 20. Qd4+ Kg8 21. Bxd5 Qf5+ 22. Ka2 Rad8 23. c4 Bg2 24. Rhe1 Qc2 25. Rxe8+ Rxe8 26. Bxg2 Qxg2 27. Qd7 Re2 28. Qb5 Qxh2 29. Rd8+ Kg7 30. Qb3 Rc2 31. Rb8 Qe2 32. Rxb7 Rxc4 33. Ra7 Qe4 34. Ka3 h5 35. Qb5 Rd4 36. b3 Qb1 37. Qe5+ Kh6 38. Qxd4 Qc1+ 39. Ka2 Qc2+ 40. Qb2 Qc5 41. Rxf7 Qd5 42. Qg7+ Kg5 43. Qf6+ Kh6 44. Qh8+ Kg5 45. Rf2 Qd4 46. Qxd4 1-0


[Site "https://www.chess.com"]

[Event "Titled Tuesday Blitz March 14 Late 2023"]
[White "Womacka, Mathias"]
[Black "Costachi, Mihnea"]
[WhiteFideId "4611390"]
[BlackFideId "1217518"]
[WhiteElo "2377"]
[BlackElo "2456"]
[Result "1/2-1/2"]
[Round "03"]
[TimeControl "180+1"]
[Date "2023.03.14"]
[WhiteClock "0:00:12"]
[BlackClock "0:00:19"]

1. e4 e5 2. Nf3 Nc6 3. Bb5 a6 4. Bxc6 dxc6 5. O-O Bg4 6. h3 h5 7. d3 Qf6 8. Nbd2 g5 9. Nc4 Bxf3 10. Qxf3 Qxf3 11. gxf3 f6 12. Be3 Bd6 13. d4 exd4 14. Bxd4 Kf7 15. Rfd1 Ne7 16. e5 fxe5 17. Nxe5+ Bxe5 18. Bxe5 Rhd8 19. Bxc7 Rxd1+ 20. Rxd1 Nd5 21. Bh2 b5 22. Kf1 Re8 23. c3 a5 24. Rd4 Re6 25. f4 Kf6 26. fxg5+ Kxg5 27. a4 Nb6 28. axb5 cxb5 29. Bc7 Nc4 30. Rd5+ Kh4 31. Bd8+ Kxh3 32. Rxh5+ Kg4 33. Rxb5 Kf3 34. Rf5+ Ke4 35. Rh5 Kd3 36. Bxa5 Nd2+ 37. Kg2 Rg6+ 38. Kh3 Ne4 39. Bb6 Rxb6 40. Rd5+ Kc2 41. f3 Rh6+ 42. Kg2 Rg6+ 43. Kh3 Nf6 44. Rd8 Kxb2 45. c4 Kc3 46. c5 Nh5 47. Kh4 Nf4 48. Rd6 Rg8 49. c6 Ng6+ 50. Kg5 Ne7+ 51. Kf6 Nc8 52. Rd7 Rf8+ 53. Ke5 Rxf3 54. Rd8 Na7 55. c7 Rf7 56. c8=Q+ Nxc8 57. Rxc8+ Kd3 58. Ke6 Rf4 59. Rd8+ Ke4 60. Rd6 Rh4 61. Kd7 Ke5 62. Re6+ Kd5 63. Rd6+ Kc5 64. Rc6+ Kb5 65. Re6 Rh7+ 66. Re7 Rh5 67. Re6 Rg5 68. Ke7 Kc5 69. Kd7 Rg7+ 70. Re7 Rg6 71. Re6 Rg4 72. Ke7 Kd5 73. Rd6+ Ke5 74. Re6+ Kf5 75. Rf6+ Kg5 76. Re6 Ra4 77. Kf7 Ra5 78. Rg6+ Kf5 79. Rf6+ Ke5 80. Re6+ Kd5 81. Re7 Ra6 82. Rd7+ Ke5 83. Re7+ Kf5 84. Re1 Ra7+ 85. Ke8 Kf6 86. Rf1+ Ke6 87. Re1+ Kd6 88. Rd1+ Ke6 89. Re1+ Kf6 90. Rf1+ Ke6 91. Re1+ 1/2-1/2


[Site "https://www.chess.com"]